 Seeded DCSS version 0.25-a0-277-g7046ed1 (webtiles) character file.

Game seed: 8940913052037679828, levelgen mode: deterministic

2707 Illumine the Covered (level 9, -1/55 HPs)
             Began as a Gargoyle Hunter on Dec 8, 2019.
             Was a Believer of Trog.
             Slain by a hornet (10 damage)
             ... on level 8 of the Dungeon on Dec 9, 2019.
             The game lasted 00:23:28 (7706 turns).

Illumine the Covered (Gargoyle Hunter)              Turns: 7706, Time: 00:23:29

Health: -1/55      AC: 15    Str: 23    XL:     9   Next: 66%
Magic:  9/9        EV:  7    Int: 13    God:    Trog [**....]
Gold:   302        SH: 16    Dex: 10    Spells: 8/8 levels left

rFire    + . .     SeeInvis .   y - -2 mace (curse)
rCold    . . .     Gourm    .   z - +2 large shield
rNeg     + . .     Faith    .   D - +0 scale mail
rPois    ∞         Spirit   .   (no helmet)
rElec    +         Reflect  .   g - +0 cloak
rCorr    .         Harm     .   (no gloves)
MR       .....                  (no boots)
Stlth    ..........             p - amulet of the acrobat
HPRegen  0.18/turn              (no ring)
MPRegen  0.11/turn              m - ring of protection from fire

@: mighty, berserk cooldown
A: negative energy resistance 1, electricity resistance, unbreathing,
petrification resistance, rot immunity, AC +6
a: Berserk, Trog's Hand, Renounce Religion


You were on level 8 of the Dungeon.
You worshipped Trog.
Trog was pleased with you.
You were not hungry.

You visited 2 branches of the dungeon, and saw 9 of its levels.

You collected 302 gold pieces.

Inventory:

Hand Weapons
 a - a +2 whip of electrocution
 b - a +0 hunting sling
 e - a +0 flail
 t - a +0 flail
 y - a cursed -2 mace (weapon)
 L - a +1 morningstar
Missiles
 d - 2 throwing nets
 h - 205 stones
 s - 31 sling bullets
 u - 11 boomerangs
 w - 8 javelins
 C - 16 poisoned darts (quivered)
 I - 2 datura-tipped darts
Armour
 g - a +0 cloak (worn)
 z - a +2 large shield (worn)
 D - a +0 scale mail (worn)
 H - a +2 buckler
Jewellery
 i - an uncursed ring of ice
 m - a ring of protection from fire (right hand)
 p - an amulet of the acrobat (around neck)
 B - an uncursed ring of fire
Wands
 r - a wand of digging (3)
Scrolls
 l - 2 scrolls of magic mapping
 o - a scroll of noise
 x - 2 scrolls of vulnerability {unknown}
 A - 2 scrolls of fog {unknown}
Potions
 j - a potion of agility
 n - 2 potions of curing
 q - a potion of heal wounds
 v - a potion of might
 F - a potion of lignification {unknown}
 G - a potion of resistance {unknown}
Comestibles
 f - 11 rations
 J - a chunk of flesh


   Skills:
 + Level 5.7 Fighting
 + Level 5.8 Maces & Flails
 + Level 5.2(5.8) Slings
 - Level 3.9(5.2) Throwing
 + Level 6.3 Armour
 + Level 3.4 Dodging
 - Level 1.1 Stealth
 + Level 4.5 Shields


You had 8 spell levels left.
You didn't know any spells.
Your spell library contained the following spells:

 Spells                   Type           Power        Failure   Level  Hunger
 Beastly Appendage        Tmut           #.....       100%        1    ##.....
 Sticks to Snakes         Tmut           #.......     100%        2    ###....
 Spider Form              Tmut/Pois      #.........   100%        3    ####...
 Ice Form                 Ice/Tmut       #.......     100%        4    #####..
 Blade Hands              Tmut           #.........   100%        5    ######.


Dungeon Overview and Level Annotations

Branches:
Dungeon (8/15)             Temple (1/1) D:5
   Lair: D:8-11

Altars:
Ashenzari
Cheibriados
Dithmenos
Elyvilon
Fedhas
Gozag
Hepliaklqana
Kikubaaqudgha
Makhleb
Nemelex Xobeh
Okawaru
Qazlal
Ru
Sif Muna
Trog
Uskayaw
Vehumet
Wu Jian
Xom
Yredelemnul
Zin
The Shining One

Annotations:
D:6 3 runed translucent doors, plsesad's ghost, novice TrHu


Innate Abilities, Weirdness & Mutations

You are resistant to torment.
Your stone body is resilient. (AC +6)
You are immune to poison.
You resist negative energy. (rN+)
You are resistant to electric shocks. (rElec)
You can survive without breathing.
You are immune to petrification.
You are immune to rotting.


Message History

The hornet is almost dead.
The hornet barely misses you. The hornet stings you. x2
* * * LOW HITPOINT WARNING * * *
You block the hornet's attack.
Okay, then.
As you read the scroll labeled JURAOXKUZA, it crumbles to dust.
It is a scroll of enchant weapon.
Your cursed -3 mace glows red for a moment.
The hornet stings you but does no damage.
You block the hornet's attack. The hornet stings you!
* * * LOW HITPOINT WARNING * * *
Unknown command.
You can't unwield your weapon to draw a new one!
As you read the scroll labeled JUCEUNL MAMEO, it crumbles to dust.
You hear a loud clanging noise!
It was a scroll of noise.
You hear an angry hiss.
You hear a shout!
The hornet barely misses you. You block the hornet's attack.
The hornet stings you!
You die...

*,,,,,,,,,,* * **,,,,*,,,,,#####
**#########
,,,,,*,,,,,,#...##*##**,,.......#
,,,,,,*,,,,,#...#a#.#,***#....<.#
,,,,,*,*,,,,#...##a#,*+,,#......#
,,,,,,,,,,,,#.....#.#,*,,#.<....#
,,,,,,,,,,,,#..a##.#a#####......#
,,,,,,,,,,,,#..y#######.........#
,,,,,,,,,,,,#.ay@#...#..........#
,****,,**,,*#..###'####...#######
,****,,*****#..###..###...#......
,,*,,,,,,,,.>..#..........#......
,,+,,,,,,,.....#..........#......
,,*,,,,,,......#..........#......
,**,,,,**......#..........+......
+********,,,,,,#..........#......
,,,,,,,**,,,,**##.####....#......


You could see a soldier ant, 2 hornets and a worker ant.

Vanquished Creatures
  Prince Ribbit (D:7)
  Sigmund (D:3)
  A sky beast (D:8)
  5 phantoms
  A black bear (D:7)
  2 ogres
  A centaur (D:5)
  2 bullfrogs
  A wyvern skeleton (D:6)
  4 killer bees
  6 wights
  A vampire bat (D:2)
  2 howler monkeys
  An electric eel (D:7)
  A jelly (D:8)
  2 hounds
  An orc priest (D:6)
  5 orc wizards
  An iguana (D:8)
  6 worker ants
  A worker ant zombie (D:5)
  4 gnolls
  15 adders
  2 oozes
  A worm (D:4)
  7 leopard geckos
  19 orcs
  4 bat zombies (D:2)
  8 goblins
  6 hobgoblins
  7 jackals
  2 quokkas
  2 ball pythons
  A ball python zombie (D:6)
  8 bats
  5 frilled lizards
  8 kobolds
  2 leopard gecko skeletons
  A quokka zombie (D:5)
  8 rats
156 creatures vanquished.

Notes
Turn   | Place    | Note
-------+----------+-------------------------------------------
     0 | D:1      | Illumine the Gargoyle Hunter began the quest for the Orb.
     0 | D:1      | Reached XP level 1. HP: 12/12 MP: 1/1
   306 | D:1      | Reached XP level 2. HP: 9/18 MP: 2/2
   631 | D:1      | Reached skill level 1 in Armour
   663 | D:1      | Reached XP level 3. HP: 22/22 MP: 3/3
   785 | D:1      | Reached skill level 1 in Maces & Flails
  1323 | D:2      | Reached XP level 4. HP: 27/27 MP: 4/4
  1577 | D:2      | Found an ancient bone altar of Kikubaaqudgha.
  1590 | D:2      | Reached skill level 1 in Slings
  1590 | D:2      | Reached skill level 2 in Armour
  1619 | D:3      | Reached XP level 5. HP: 31/31 MP: 5/5
  1832 | D:3      | Noticed Sigmund
  2192 | D:4      | Noticed an ogre
  2204 | D:5      | Entered Level 5 of the Dungeon
  2204 | D:5      | Noticed a centaur
  2219 | D:5      | Killed a centaur
  2219 | D:5      | Reached skill level 3 in Armour
  2219 | D:5      | Reached XP level 6. HP: 7/36 MP: 6/6
  2509 | D:5      | Found a staircase to the Ecumenical Temple.
  2529 | Temple   | Entered the Ecumenical Temple
  2608 | Temple   | Became a worshipper of Trog the Wrathful
  3336 | D:5      | Reached XP level 7. HP: 37/40 MP: 7/7
  3488 | D:6      | Reached skill level 4 in Armour
  3514 | D:6      | Found a runed translucent gate.
  3514 | D:6      | Found a runed translucent gate.
  3514 | D:6      | Noticed plsesad's ghost (novice TrHu)
  3515 | D:6      | Found a runed translucent gate.
  3516 | D:6      | Noticed a wyvern
  3563 | D:6      | Found a glowing golden altar of the Shining One.
  3574 | D:6      | Found a hide-covered altar of Uskayaw.
  3579 | D:6      | Found a snail-covered altar of Cheibriados.
  3586 | D:6      | Found a shattered altar of Ashenzari.
  3590 | D:6      | Found a basalt altar of Yredelemnul.
  3597 | D:6      | Found a shadowy altar of Dithmenos.
  3602 | D:6      | Found a sacrificial altar of Ru.
  4492 | D:4      | Reached XP level 8. HP: 12/48 MP: 8/8
  4829 | D:4      | Found a shimmering altar of Xom.
  4944 | D:3      | Killed Sigmund
  4944 | D:3      | Reached skill level 1 in Shields
  4956 | D:3      | Reached * piety under Trog
  5165 | D:3      | Reached skill level 5 in Armour
  5879 | D:7      | Noticed Prince Ribbit
  5883 | D:7      | Upgraded the game from 0.25-a0-273-g5ba6e9a to
                  | 0.25-a0-277-g7046ed1
  6069 | D:7      | Reached ** piety under Trog
  6069 | D:7      | Reached skill level 5 in Maces & Flails
  6247 | D:7      | Killed Prince Ribbit
  6247 | D:7      | Reached skill level 5 in Fighting
  6247 | D:7      | Reached XP level 9. HP: 52/54 MP: 9/9
  6717 | D:7      | Reached skill level 6 in Armour
  7396 | D:8      | Reached skill level 5 in Slings
  7461 | D:8      | Found an iron altar of Okawaru.
  7692 | D:8      | Noticed a hornet
  7694 | D:8      | Noticed a hornet
  7706 | D:8      | Slain by a hornet

Levels and vault maps discovered:
D:1:      dpeg_arrival_windows_large_door, layout_loops_ring
D:2:      layout_rooms, kennysheep_vampire_church, cheibrodos_gnoll_hut
D:3:      layout_loops_cross, st_stairs_4, uniq_sigmund
D:4:      minmay_chambers_of_threes, layout_basic, overflow_temple_1_default,
          minmay_liquid_box, kennysheep_small_square
D:5:      layout_layer_cave, minmay_temple_entry_offerings, first_ration,
          dk_noncrumbling_4
D:6:      layout_loops_ring, grunt_temple_overflow_octagram,
          gammafunk_ghost_split
D:7:      layout_basic, hangedman_decor_peaks_small, kennysheep_path_1,
          uniq_prince_ribbit1
D:8:      layout_gridville, okawaru_metal_pillars_1_2,
          hangedman_pestilent_swarm, chequers_garden, minmay_fractal_squares_5,
          uniq_psyche
Temple:   nicolae_temple_hex_pool

Skill      XL: |  1  2  3  4  5  6  7  8  9 |
---------------+----------------------------+-----
Armour         | 1 2 3 4 5 6 |  6.3
Maces & Flails | 1 2 3 4 5 |  5.8
Dodging        | 2 3 |  3.4
Slings         | 1 2 3 4 5 |  5.2
Fighting       | 3 5 |  5.7
Shields        | 3 4 |  4.5
Throwing       | |  3.9
Stealth        | |  1.1

Action                   |  1- 3 |  4- 6 |  7- 9 || total
-------------------------+-------+-------+-------++-------
Melee: Club              |    86 |     3 |       ||    89
       Whip              |       |    86 |   367 ||   453
       Mace              |       |       |    23 ||    23
 Fire: Hunting sling     |    13 |    58 |   115 ||   186
Throw: Stone             |    35 |       |       ||    35
       Javelin           |    12 |    10 |     4 ||    26
       Dart              |       |       |     9 ||     9
Invok: Berserk           |       |       |     1 ||     1
  Use: Scroll            |       |     5 |     8 ||    13
       Potion            |       |       |     1 ||     1
 Stab: Sleeping          |       |       |     1 ||     1
  Eat: Chunk             |     1 |     7 |    15 ||    23
Armor: Leather armour    |    48 |    38 |    39 ||   125
       Scale mail        |       |       |    95 ||    95
Dodge: Dodged            |    66 |    79 |   109 ||   254
Block: Large shield      |       |       |   218 ||   218

Table legend:
 A = Non-vault XP
 B = Vault XP
 C = Vault XP percentage of total XP
 D = Non-vault monster count
 E = Vault monster count
 F = Vault count percentage of total count
                 A         B        C        D         E       F
            +---------+---------+-------+---------+---------+-------
      Total |    3251 |     617 |  16.0 |     141 |      15 |   9.6
            +---------+---------+-------+---------+---------+-------
        D:1 |      38 |       0 |   0.0 |      21 |       0 |   0.0
        D:2 |      42 |      86 |  67.2 |      13 |       9 |  40.9
        D:3 |     188 |     216 |  53.5 |      35 |       4 |  10.3
        D:4 |     254 |       0 |   0.0 |      10 |       0 |   0.0
        D:5 |     323 |       0 |   0.0 |      11 |       0 |   0.0
        D:6 |     736 |       0 |   0.0 |      19 |       0 |   0.0
        D:7 |    1185 |     251 |  17.5 |      22 |       1 |   4.3
        D:8 |     485 |      64 |  11.7 |      10 |       1 |   9.1
            +---------+---------+-------+---------+---------+-------
